 Dungeon Crawl Stone Soup version 0.27.0-1-g7a089689b8 (webtiles) character file.

Game seed: 145055336338798626

40 Crownlay the Shooter (level 3, -1/30 HPs)
             Began as a Minotaur Hunter on Aug 12, 2021.
             Slain by a gnoll (4 damage)
             ... on level 1 of the Dungeon.
             The game lasted 00:01:26 (1079 turns).

Crownlay the Shooter (Minotaur Hunter)              Turns: 1079, Time: 00:01:26

Health: -1/30      AC:  4    Str: 16    XL:     3   Next: 30%
Magic:  2/2        EV: 11    Int:  8    God:
Gold:   38         SH:  0    Dex: 11    Spells: 2/2 levels left

rFire    . . .     SeeInvis .   g - +3 short sword (drain)
rCold    . . .     Faith    .   (no shield)
rNeg     . . .     Spirit   .   c - +0 leather armour
rPois    .         Reflect  .   (helmet restricted)
rElec    .         Harm     .   f - +0 cloak
rCorr    .         Rampage  .   (no gloves)
Will     .....                  (no boots)
Stlth    +.........             (no amulet)
HPRegen  0.10/turn              (no ring)
MPRegen  0.08/turn              (no ring)

@: no status effects
A: horns 2, retaliatory headbutt
a: no special abilities


You were on level 1 of the Dungeon.
You visited 1 branch of the dungeon, and saw 2 of its levels.

You collected 38 gold pieces.

Inventory:

Hand Weapons
 a - a +1 shortbow
 g - a +3 short sword of draining (weapon)
Missiles
 d - 20 arrows
Armour
 c - a +0 leather armour (worn)
 f - a +0 cloak (worn)
Potions
 e - a potion of magic {unknown}


   Skills:
 - Level 2.4 Fighting
 + Level 5.7 Bows
 - Level 2.1 Dodging
 - Level 0.7 Stealth


You had 2 spell levels left.
You didn't know any spells.
Your spell library was empty.

Dungeon Overview and Level Annotations

Branches:
Dungeon (2/15)

Altars:


Innate Abilities, Weirdness & Mutations

You have a pair of horns on your head.
You reflexively headbutt those who attack you in melee.


Message History

You hit the gnoll. You drain the gnoll.
The gnoll is moderately wounded.
The gnoll hits you but does no damage.
You barely miss the gnoll.
The gnoll is moderately wounded.
The gnoll completely misses you. The gnoll hits you with a +0 mace!
You hit the gnoll. You drain the gnoll. Your headbutt misses the gnoll.
The gnoll is almost dead.
The gnoll hits you but does no damage. The gnoll closely misses you.
You furiously retaliate!
You headbutt the gnoll. The gnoll hits you with a +0 mace.
You hit the gnoll.
You kill the gnoll!
The gnoll hits you with a +0 flail!
* * * LOW HITPOINT WARNING * * *
The gnoll hits you but does no damage.
You are too injured to fight recklessly!
You are too injured to fight recklessly!
You are too injured to fight recklessly!
You are too injured to fight recklessly!
You are too injured to fight recklessly!
You are too injured to fight recklessly!
The giant cockroach closely misses you.
There is a stone staircase leading up here.
The gnoll hits you with a +0 flail.
* * * LOW HITPOINT WARNING * * *
The gnoll closely misses you.
The giant cockroach bites you but does no damage.
You climb upwards.
There is a stone staircase leading down here.
You hit the giant cockroach. You drain the giant cockroach.
You kill the giant cockroach!
The gnoll barely misses you. You furiously retaliate!
You headbutt the gnoll, but do no damage.
The gnoll closely misses you. You furiously retaliate!
You headbutt the gnoll. You hit the gnoll but do no damage.
You headbutt the gnoll.
The gnoll is almost dead.
The gnoll closely misses you. You furiously retaliate!
You headbutt the gnoll. The gnoll hits you with a +0 flail.
You die...

########### ###########
#.........######........(#
#.#######......#.#######.#
#.# #.####†#.##### #.#
###.#######.###@.......# #.#
##.............gg.#.###.# #.#
.###.######...###.#.###.###.#
.# #.#####.....##.#.........#
.# #..............#####.#####
.# #########.###### #.# .#
#.# #.# .# #.# #.# .# ##'##
#.#


You could see 2 gnolls.

Vanquished Creatures
  A gnoll (D:2)
  An adder (D:2)
  A ball python (D:1)
  A giant cockroach (D:1)
  A goblin (D:1)
  4 hobgoblins (D:1)
  6 kobolds
  2 bats (D:1)
  2 rats (D:1)
19 creatures vanquished.

Notes
Turn   | Place    | Note
-------+----------+-------------------------------------------
     0 | D:1      | Crownlay the Minotaur Hunter began the quest for the Orb.
     0 | D:1      | Reached XP level 1. HP: 18/18 MP: 0/0
   444 | D:1      | Reached XP level 2. HP: 25/25 MP: 1/1
   495 | D:1      | Reached skill level 5 in Bows
   621 | D:1      | Found a faded altar of an unknown god.
  1070 | D:2      | Reached XP level 3. HP: 30/30 MP: 2/2
  1079 | D:1      | Slain by a gnoll

Illustrated notes

Levels and vault maps discovered:
D:1:      nicolae_arrival_memento_mori, layout_loops_corners,
          hellmonk_ecumenical_altar_prayer_group, hex_large
D:2:      layout_loops_ring, minmay_heptomino_o4, uniq_robin

Skill      XL: |  1  2 |
---------------+-------+-----
Bows           | 5 |  5.7
Fighting       | |  2.4
Dodging        | |  2.1
Stealth        | |  0.7

Action                   || total
-------------------------++-------
Melee: Short sword       ||    39
       Headbutt          ||     5
Armor: Leather armour    ||    17
Dodge: Dodged            ||    27
